[Event "Late-Titled-Tuesday-Blitz-October-24-2023"]
[Site "Chess.com"]
[Date "2023.10.24"]
[Round "1"]
[White "chess94cu"]
[Black "SlippperyWhenWet"]
[Result "1-0"]
[WhiteElo "2658"]
[BlackElo "2351"]
[TimeControl "180+1"]
[EndTime "14:06:19 PDT"]
[Termination "chess94cu won by resignation"]

1. Nf3 Nf6 2. c4 c5 3. Nc3 Nc6 4. e3 e6 5. d4 d5 6. cxd5 exd5 7. Bb5 Bd6 8. dxc5 Bxc5 9. O-O O-O 10. b3 Bg4 11. Bb2 a6 12. Bxc6 bxc6 13. Rc1 Bd6 14.
Ne2 Bxf3 15. gxf3 Qd7 16. Bxf6 gxf6 17. Qd4 Be5 18. Qg4+ Qxg4+ 19. fxg4 Rac8 20. Rfd1 Rfd8 21. f4 Bb8 22. Nd4 Ba7 23. Nf5 Kf8 24. Kf2 c5 25.
Kf3 d4 26. e4 Bb6 27. Rd3 Rc7 28. Rc4 Rdc8 29. h4 Rc6 30. h5 Ba5 31. a3 Bc3 32. Ne3 Bb2 33. Nc2 Bc3 34. Ne3 Bb2 35.
Nd5 Bxa3 36. h6 Bb2 37. g5 fxg5 38. fxg5 Rb8 39. Nf6 Bc3 40. Nd7+ 1-0

[Event "Late-Titled-Tuesday-Blitz-October-24-2023"]
[Site "Chess.com"]
[Date "2023.10.24"]
[Round "1"]
[White "familijatop71"]
[Black "whitemirrorninja"]
[Result "0-1"]
[WhiteElo "2135"]
[BlackElo "2565"]
[TimeControl "180+1"]
[EndTime "14:06:19 PDT"]
[Termination "whitemirrorninja won by resignation"]

1. e4 c5 2. c3 e6 3. d4 d5 4. e5 Bd7 5. Nf3 Nc6 6. a3 Rc8 7.
b4 cxd4 8. cxd4 a6 9. Bd3 Na7 10. O-O Bb5 11. Bg5 Ne7 12. a4 Bxd3 13. Qxd3 h6 14.
Be3 Nf5 15. b5 a5 16. Nbd2 Bb4 17. Rac1 O-O 18. Nb3 b6 19. Rxc8 Nxc8 20. Nbd2 Nce7 21. g4 Nxe3 22. fxe3 Qd7 23. Rc1 Rc8 24. Rxc8+ Qxc8 25. Kg2 Qc1 26. h4 Qd1 27. Kf2 Qxa4 28. g5 h5 29.
e4 Bxd2 30. Nxd2 Qa2 31. Qc3 dxe4 32. Qc8+ Nxc8 0-1

[Event "Late-Titled-Tuesday-Blitz-October-24-2023"]
[Site "Chess.com"]
[Date "2023.10.24"]
[Round "1"]
[White "santosalberto1987"]
[Black "Ali_rastbod"]
[Result "0-1"]
[WhiteElo "2425"]
[BlackElo "2747"]
[TimeControl "180+1"]
[EndTime "14:06:20 PDT"]
[Termination "Ali_rastbod won by resignation"]

1. e4 d6 2. d4 Nf6 3. Nc3 g6 4.
Be3 Bg7 5. Qd2 c6 6. Bh6 Bxh6 7. Qxh6 Qa5 8. Bd3 b5 9. Nf3 b4 10. Ne2 Bg4 11. Qf4 Nbd7 12. O-O e5 13. dxe5 dxe5 14. Qe3 O-O 15. h3 Bxf3 16. Qxf3 Kg7 17. Ng3 Nb6 18.
Qe3 h6 19. f4 exf4 20. Rxf4 Qe5 21. Raf1 Nfd5 22. Qc5 Nd7 23. Qf2 Nxf4 24. Qxf4 Qxf4 25.
Rxf4 Ne5 26. Kf2 Rad8 27. Ke3 c5 28. b3 a5 29. Nf1 Rd6 30. Rf2 Rfd8 31. Rd2 c4 32.
bxc4 Rc8 33. Be2 Rdc6 34. Rd5 Nxc4+ 35. Bxc4 Rxc4 36. Rxa5 Rxc2 37. Kf3 R8c3+ 38. Ne3 Rd2 39. Kf4 Rf2+ 40. Kg3 Re2 0-1

[Event "Late-Titled-Tuesday-Blitz-October-24-2023"]
[Site "Chess.com"]
[Date "2023.10.24"]
[Round "1"]
[White "filipluczak05"]
[Black "Miguelitro69"]
[Result "1-0"]
[WhiteElo "2624"]
[BlackElo "2309"]
[TimeControl "180+1"]
[EndTime "14:06:20 PDT"]
[Termination "filipluczak05 won by resignation"]

1. d4 d6 2. e4 g6 3. Nc3 Bg7 4. f4 Nf6 5. Nf3 O-O 6. e5 dxe5 7. fxe5 Nd5 8. Bc4 Nxc3 9. bxc3 e6 10. O-O b6 11.
Bg5 Qd7 12. Qd2 Bb7 13. Bf6 Nc6 14. Qg5 Na5 15. Bd3 Qd5 16. Rae1 Bxf6 17. Qxf6 Qd8 18. Qf4 Kg7 19. h4 h5 20. Ng5 Qe7 21. Qg3 Bd5 22. Rf6 c5 23. Ref1 cxd4 24. Nxf7 1-0

[Event "Late-Titled-Tuesday-Blitz-October-24-2023"]
[Site "Chess.com"]
[Date "2023.10.24"]
[Round "1"]
[White "NikolaGry"]
[Black "becemix"]
[Result "1-0"]
[WhiteElo "2723"]
[BlackElo "2407"]
[TimeControl "180+1"]
[EndTime "14:06:24 PDT"]
[Termination "NikolaGry won by resignation"]

1. d4 e6 2. Bf4 Nf6 3. e3 c5 4. c3 Be7 5. Bd3 O-O 6. Nd2 d5 7. Ngf3 cxd4 8. exd4 Nbd7 9. Qe2 a6 10. a4 Qa5 11.
O-O Re8 12. Ne5 Nf8 13. b4 Qd8 14. a5 Bd7 15. Nb3 Rc8 16. Nc5 Bxc5 17. bxc5 Ng6 18. Bg3 Rf8 19. Nxd7 Qxd7 20. Rfb1 Rfe8 21. f4 Ne7 22.
Rb6 Nf5 23. Rab1 Rc7 24. Qb2 Re7 25. Re1 Qe8 26. Bf2 Qc8 27. h3 Nd7 28. Rb4 g6 29. g4 Ng7 30. Bh4 Re8 31. Rb1 Nb8 32. Rxb7 Nc6 33.
Rxc7 Qxc7 34. Bg3 Nxa5 35. Qb6 1-0

[Event "Late-Titled-Tuesday-Blitz-October-24-2023"]
[Site "Chess.com"]
[Date "2023.10.24"]
[Round "1"]
[White "egnfanclub"]
[Black "wadsy27"]
[Result "1-0"]
[WhiteElo "2358"]
[BlackElo "2631"]
[TimeControl "180+1"]
[EndTime "14:06:25 PDT"]
[Termination "egnfanclub won on time"]

1. e4 d5 2. exd5 Qxd5 3. Nc3 Qd8 4. d4 Nf6 5. Nf3 Bg4 6. Be2 c6 7. O-O e6 8. h3 Bxf3 9. Bxf3 Nbd7 10. Bf4 Be7 11.
Qd2 O-O 12. a3 Nd5 13. Nxd5 cxd5 14. Rfe1 Nf6 15. c4 Bd6 16. Bxd6 Qxd6 17. c5 Qc7 18. b4 a6 19. a4 Rfe8 20. b5 axb5 21. axb5 Rxa1 22.
Rxa1 e5 23. dxe5 Qxe5 24. Rd1 Rd8 25. Re1 Qc7 26. Qd4 h6 27. Re5 Qd7 28. b6 Qc6 29.
Re7 Rc8 30. Qe5 Qxc5 31. Rxb7 Re8 32. Rb8 Rxb8 33. Qxb8+ Kh7 34. Qc7 1-0

[Event "Late-Titled-Tuesday-Blitz-October-24-2023"]
[Site "Chess.com"]
[Date "2023.10.24"]
[Round "1"]
[White "maksimys18"]
[Black "dropstoneDP"]
[Result "0-1"]
[WhiteElo "2522"]
[BlackElo "3099"]
[TimeControl "180+1"]
[EndTime "14:06:29 PDT"]
[Termination "dropstoneDP won by checkmate"]

1. d4 d5 2. Nf3 Nf6 3. c4 dxc4 4. Nc3 Bf5 5. Bg5 Nbd7 6. e3 h6 7. Bh4 e6 8. e4 Bh7 9. e5 g5 10. Nxg5 hxg5 11. Bxg5 c6 12. exf6 Qa5 13. h4 O-O-O 14. Bxc4 Ne5 15. Qb3 Rxd4 16. Bxe6+ fxe6 17. Qxe6+ Kc7 18. O-O Rd6 19. Qe8 Bg6 20. b4 Bxe8 21. bxa5 Rd4 22. Rac1 a6 23. Be3 Rdxh4 24. Bb6+ Kc8 25. f3 Nd3 26. g4 Rh1+ 27. Kg2 R8h2+ 28. Kg3 Bd6+ 29. f4 Rh3+ 30. Kg2 R1h2+ 31. Kg1 Nxc1 32. Rxc1 Rh1+ 33. Kg2 Rxc1 34. Ne4 Rd3 35. g5 Rc2+ 36. Nf2 c5 37. f5 Bc6+ 38. Kf1 Rf3 39. f7 Rfxf2+ 40. Ke1 Rxf5 41.
g6 Bg3+ 42. Kd1 Ba4 43. g7 Rf1# 0-1

[Event "Late-Titled-Tuesday-Blitz-October-24-2023"]
[Site "Chess.com"]
[Date "2023.10.24"]
[Round "1"]
[White "Road2GM3000"]
[Black "djano"]
[Result "0-1"]
[WhiteElo "2375"]
[BlackElo "2678"]
[TimeControl "180+1"]
[EndTime "14:06:31 PDT"]
[Termination "djano won by resignation"]

1. d4 g6 2. c4 Bg7 3. Nc3 Nf6 4. e4 d6 5. f4 O-O 6. Nf3 c5 7. d5 e6 8. Be2 exd5 9. exd5 a6 10. a4 Bg4 11. O-O Nbd7 12. Bd2 Re8 13. Bd3 Qb6 14.
a5 Qc7 15. h3 Bxf3 16. Qxf3 b5 17. cxb5 c4 18. Bc2 axb5 19. Kh1 b4 20. Nb5 Qc5 21. Ba4 Rxa5 22. Be1 Rea8 23. Bf2 Qxd5 24. Nc7 Qxf3 25. gxf3 Rd8 26. Bb5 Rxa1 27.
Rxa1 c3 28. bxc3 bxc3 29. Rc1 Nh5 30. Be1 Nc5 31. Bxc3 Nxf4 32. Ba5 Rb8 33. Bc4 Be5 34. Nd5 Rb2 35. Nxf4 Bxf4 36. Bc3 Bxc1 0-1

[Event "Late-Titled-Tuesday-Blitz-October-24-2023"]
[Site "Chess.com"]
[Date "2023.10.24"]
[Round "1"]
[White "NM_NHTT"]
[Black "le-castor-faineant"]
[Result "0-1"]
[WhiteElo "2582"]
[BlackElo "2269"]
[TimeControl "180+1"]
[EndTime "14:06:32 PDT"]
[Termination "le-castor-faineant won by checkmate"]

1. e4 e5 2. Nf3 Nf6 3. c3 Nxe4 4. Nxe5 d6 5. Nf3 Be7 6. d4 O-O 7. Bd3 d5 8. O-O Bg4 9. h3 Bh5 10. Nbd2 Nxd2 11. Bxd2 Nd7 12. Qc2 h6 13. Ne5 Nxe5 14.
dxe5 Bg5 15. f4 Bh4 16. g4 Bg6 17. Bxg6 fxg6 18. Qxg6 c6 19. Be1 Qb6+ 20. Bf2 Bxf2+ 21. Rxf2 Rxf4 22. Rf1 Raf8 23. Qc2 Rxf2 24. Rxf2 Rxf2 25.
Qxf2 Qxf2+ 26. Kxf2 Kf7 27. Ke3 c5 28. b4 b6 29.
bxc5 bxc5 30. Kf4 Ke6 31. h4 g6 32. a3 a6 33. a4 a5 34. g5 h5 35. Kf3 Kxe5 36.
Ke3 Kf5 37. Kf3 d4 38. cxd4 cxd4 39. Ke2 Kg4 40. Kd3 Kxh4 41. Kxd4 Kxg5 42. Kc5 h4 43. Kb5 h3 44. Kxa5 h2 45. Kb6 h1=Q 46. a5 Qa8 47. a6 Kf5 48. Kc5 g5 49. Kd4 g4 50.
Ke3 g3 51. Ke2 g2 52. Kf2 Kg4 53. Kg1 Kg3 54. a7 Qxa7# 0-1

[Event "Late-Titled-Tuesday-Blitz-October-24-2023"]
[Site "Chess.com"]
[Date "2023.10.24"]
[Round "1"]
[White "expii"]
[Black "Likvidator228"]
[Result "0-1"]
[WhiteElo "2241"]
[BlackElo "2592"]
[TimeControl "180+1"]
[EndTime "14:06:33 PDT"]
[Termination "Likvidator228 won by resignation"]

1. e4 c5 2. Nf3 g6 3. d4 cxd4 4.
Nxd4 Bg7 5. Nc3 Nc6 6. Be3 Nf6 7. g3 O-O 8. Bg2 d6 9. h3 Bd7 10. O-O Nxd4 11. Bxd4 Bc6 12. Be3 Nd7 13. f4 Qa5 14.
Qd2 Rfe8 15. a3 Rac8 16. Bd4 Bxd4+ 17. Qxd4 Qc5 18. Qxc5 Nxc5 19. Rad1 a5 20. Rfe1 b5 21. Nd5 Bxd5 22. exd5 b4 23. axb4 axb4 24. Rd2 Ra8 25. Rde2 Kf8 26. g4 Ra7 27. f5 Rc8 28. Rf1 Kg7 29. g5 gxf5 30. Rxf5 e5 31. dxe6 fxe6 32. Rf6 Rf7 33. Ref2 Rxf6 34. gxf6+ Kg6 35. Bf3 Rf8 36. h4 Rxf6 37. Bh5+ Kg7 38. Rxf6 Kxf6 39. Kf2 Ke5 40. Ke3 Na4 41. b3 Nc3 42. Bf3 h6 43. h5 d5 44.
Kd3 Kf4 45. Be2 Nxe2 46. Kxe2 e5 47. Kd3 e4+ 48. Ke2 d4 49. Kd2 Kg4 50. c3 dxc3+ 51. Kc2 0-1

[Event "Late-Titled-Tuesday-Blitz-October-24-2023"]
[Site "Chess.com"]
[Date "2023.10.24"]
[Round "1"]
[White "StellarChessPro"]
[Black "yuki_chess123"]
[Result "1-0"]
[WhiteElo "2561"]
[BlackElo "2113"]
[TimeControl "180+1"]
[EndTime "14:06:34 PDT"]
[Termination "StellarChessPro won on time"]

1. e4 c5 2. Nc3 e6 3. g3 d5 4. d3 dxe4 5. Nxe4 Nc6 6. Bg2 Nf6 7. Ne2 Nxe4 8. Bxe4 Bd7 9. O-O Be7 10. Nf4 g6 11. Bd2 Bf6 12. Bc3 Bxc3 13. bxc3 Qf6 14. Qd2 O-O 15. Rfe1 Rfd8 16. Rab1 b6 17. h4 Rac8 18.
Nh3 Be8 19. Qh6 Qg7 20. Qxg7+ Kxg7 21. Bxc6 Bxc6 22. Nf4 Bd5 23. c4 Bc6 24. Rb3 Rc7 25.
Rxe6 Ba4 26. Rc3 Rcd7 27. Re2 Bc6 28. Ra3 h6 29. Ng2 Kf8 30. Rb3 Re8 31. Rxe8+ Kxe8 32. Rb1 Ba4 33. Rc1 Re7 34. Ne3 Bc6 35. Kf1 Kd7 36.
Re1 Kd6 37. Nd1 Rb7 38. Nc3 f5 39. a4 a6 40. Kg1 Re7 41. Rxe7 Kxe7 42. f4 Kd6 43. Kf2 Ke6 44. Ke3 Kd6 45. d4 cxd4+ 46. Kxd4 Bd7 47. h5 gxh5 48. Nd5 Bxa4 49. Nxb6 Bxc2 50. c5+ Kc6 51. Nd5 Be4 52. Nc3 Bc2 53.
Nd5 a5 54. Ne7+ Kd7 55. Nd5 a4 56. c6+ Kc8 57. Kc5 a3 58. Kd6 a2 59. Ne7+ Kb8 60. c7+ Ka7 61. c8=Q a1=Q 62. Nc6+ 1-0

[Event "Late-Titled-Tuesday-Blitz-October-24-2023"]
[Site "Chess.com"]
[Date "2023.10.24"]
[Round "1"]
[White "JustusJBargsten"]
[Black "PapiPapita"]
[Result "0-1"]
[WhiteElo "2147"]
[BlackElo "2578"]
[TimeControl "180+1"]
[EndTime "14:06:35 PDT"]
[Termination "PapiPapita won by checkmate"]

1. d4 f5 2. Nc3 Nf6 3. Bf4 c6 4. f3 d5 5. e3 e6 6. h4 Bd6 7. Nh3 O-O 8. Qd2 Re8 9. O-O-O b5 10. Kb1 a5 11. Be5 Bxe5 12. dxe5 Nfd7 13. f4 a4 14. Rg1 Nc5 15. g4 b4 16. Ne2 b3 17. cxb3 axb3 18. a3 Ne4 19. Qe1 Qe7 20. Nc3 Rxa3 21. bxa3 Qxa3 22.
Rg2 Nd7 23. Nxe4 fxe4 24. Rb2 c5 25. Qc3 c4 26. Ng5 Nc5 27. Bxc4 dxc4 28. Qxc4 Ba6 29.
Qc3 Ra8 30. Qd4 Bd3+ 31. Kc1 Na4 32. Nxe4 Rc8+ 33. Kd2 Bxe4 34. Qxe4 Qxb2+ 35. Ke1 Nc3 36. Qd4 Qe2# 0-1

[Event "Late-Titled-Tuesday-Blitz-October-24-2023"]
[Site "Chess.com"]
[Date "2023.10.24"]
[Round "1"]
[White "NowInChess"]
[Black "WPWPWP-2015"]
[Result "0-1"]
[WhiteElo "2183"]
[BlackElo "2576"]
[TimeControl "180+1"]
[EndTime "14:06:35 PDT"]
[Termination "WPWPWP-2015 won by checkmate"]

1. e4 c5 2. d3 d5 3. Nd2 Nc6 4. g3 h5 5. Ngf3 Nf6 6. Bg2 d4 7. a4 e5 8. Nc4 Nd7 9. O-O Be7 10. h4 f6 11. c3 Nf8 12. cxd4 cxd4 13. a5 Bg4 14. a6 b5 15. Ncd2 Be6 16. Nb3 Rc8 17.
Bd2 Nb4 18. Ne1 Qb6 19. f4 Nd7 20. f5 Bf7 21. Bf3 Nxa6 22. Ba5 Qb7 23. Nc2 Bxb3 24. Bxh5+ Kf8 25. Rc1 Rxc2 26. Rxc2 Bxc2 27. Qxc2 Rxh5 28. Kg2 g5 29. Kh3 Kg7 30. Kg4 Rh8 31. hxg5 fxg5 32. Bd2 Qc8 33. Qb3 Qe8 34. Qe6 Qh5# 0-1

[Event "Late-Titled-Tuesday-Blitz-October-24-2023"]
[Site "Chess.com"]
[Date "2023.10.24"]
[Round "1"]
[White "Mikhal867"]
[Black "Lennis93"]
[Result "0-1"]
[WhiteElo "2427"]
[BlackElo "2757"]
[TimeControl "180+1"]
[EndTime "14:06:36 PDT"]
[Termination "Lennis93 won on time"]

1. d4 d5 2. c4 e6 3. Nf3 Nf6 4. g3 Be7 5. Bg2 O-O 6. O-O dxc4 7. Qa4 a6 8. Qxc4 b5 9. Qc2 Bb7 10. a4 Nc6 11. Rd1 Nb4 12. Qd2 c5 13. dxc5 Bxc5 14. axb5 axb5 15. Qxd8 Raxd8 16. Rxd8 Rxd8 17. Nc3 Ng4 18. e3 Nd3 19. Nd4 Bxg2 20. Kxg2 b4 21. Ne4 Bxd4 22. exd4 h6 23. Be3 Nxb2 24. Rb1 Nc4 25.
Rxb4 Ngxe3+ 26. fxe3 Nxe3+ 27. Kf3 Nc2 28. Rb7 Nxd4+ 29.
Kg2 Nf5 30. Nc5 Rd2+ 31. Kh3 g5 32. Nd7 Ne3 33. g4 Nf1 34. Nf6+ Kg7 0-1

[Event "Late-Titled-Tuesday-Blitz-October-24-2023"]
[Site "Chess.com"]
[Date "2023.10.24"]
[Round "1"]
[White "zivicd"]
[Black "Agent-JL"]
[Result "0-1"]
[WhiteElo "2093"]
[BlackElo "2559"]
[TimeControl "180+1"]
[EndTime "14:06:37 PDT"]
[Termination "Agent-JL won by resignation"]

1. c4 e5 2. Nc3 Nc6 3. Nf3 Nf6 4.
g3 Bb4 5. Nd5 Nxd5 6. cxd5 Ne7 7. a3 Bc5 8. Nxe5 Nxd5 9. d4 Bd6 10. Nc4 Be7 11. e4 Nb6 12. Ne3 d5 13. e5 O-O 14.
Bg2 Be6 15. O-O f5 16. f4 Qd7 17. Bd2 c5 18. Bc3 c4 19. Bf3 a5 20. Qc2 Na4 21.
b3 Nxc3 22. Qxc3 b5 23. bxc4 bxc4 24. Rfb1 a4 25. Qc2 Rab8 26. Rxb8 Rxb8 27. Qg2 Rb5 28.
Qc2 g6 29. Bd1 Rb3 30. Qd2 Rd3 31. Qe2 Rxd4 32. Rb1 Bc5 33. Kg2 Re4 0-1

[Event "Late-Titled-Tuesday-Blitz-October-24-2023"]
[Site "Chess.com"]
[Date "2023.10.24"]
[Round "1"]
[White "Ykow"]
[Black "LiemLe"]
[Result "0-1"]
[WhiteElo "2513"]
[BlackElo "2958"]
[TimeControl "180+1"]
[EndTime "14:06:38 PDT"]
[Termination "LiemLe won by resignation"]

1. e4 c6 2. Nf3 d5 3. d3 dxe4 4. dxe4 Qxd1+ 5. Kxd1 Nf6 6. Nfd2 h5 7. f3 g5 8. c3 h4 9. Nc4 g4 10. Bg5 Nbd7 11. e5 Rh5 12. Bxf6 exf6 13. fxg4 Rg5 14.
h3 fxe5 15. Nbd2 b5 16. Na5 Rg6 17. a4 b4 18. Bd3 Rd6 19. Kc2 bxc3 20. bxc3 Nc5 21.
Bf5 Bxf5+ 22. gxf5 O-O-O 23. Ndc4 Rf6 24. Rhf1 e4 25.
Ne5 Rd5 26. Naxc6 Kc7 27. Rad1 Nd3 28. Nxd3 exd3+ 29. Rxd3 Rxd3 30. Kxd3 Rxc6 31. Rf4 Be7 32. Rg4 Bf6 33. c4 Ra6 34. Rg8 Kd6 35. c5+ Kxc5 36. Rf8 Kd5 37. Rxf7 Ke5 38. Kc4 Rxa4+ 39. Kb5 Ra2 0-1

[Event "Late-Titled-Tuesday-Blitz-October-24-2023"]
[Site "Chess.com"]
[Date "2023.10.24"]
[Round "1"]
[White "semchik73"]
[Black "alexrustemov"]
[Result "0-1"]
[WhiteElo "2447"]
[BlackElo "2778"]
[TimeControl "180+1"]
[EndTime "14:06:38 PDT"]
[Termination "alexrustemov won by checkmate"]

1. Nf3 d5 2. c4 c6 3. e3 Nf6 4. Nc3 a6 5. d4 b5 6. cxd5 cxd5 7. a3 Bb7 8. Bd3 e6 9. Ne5 Nbd7 10. f4 Be7 11. O-O O-O 12. Qf3 Rc8 13. Bd2 Nb6 14. Qh3 Ne4 15. Rac1 f5 16. Nxe4 dxe4 17. Be2 Bd5 18. g4 g6 19. Kh1 Na4 20. gxf5 exf5 21.
Rg1 Rxc1 22. Bxc1 Kg7 23. Bh5 Rf6 24. Bd1 Nb6 25. b3 Bd6 26. Bb2 Qe7 27. b4 Qe6 28.
Be2 Rf8 29. Rc1 Rc8 30. Qf1 Rxc1 31. Qxc1 Nc4 32. Nxc4 bxc4 33. Bxc4 Kf7 34. Bxd5 Qxd5 35. Qc8 Qb5 36. Qc1 Qe2 37. d5 g5 38. Be5 Bxe5 39.
fxe5 f4 40. Qc7+ Kg6 41. Qd7 Qf1# 0-1

[Event "Late-Titled-Tuesday-Blitz-October-24-2023"]
[Site "Chess.com"]
[Date "2023.10.24"]
[Round "1"]
[White "colegiodemadrid"]
[Black "Binary010"]
[Result "0-1"]
[WhiteElo "2482"]
[BlackElo "2850"]
[TimeControl "180+1"]
[EndTime "14:06:40 PDT"]
[Termination "Binary010 won by resignation"]

1. e4 e5 2. Nf3 Nc6 3. Bc4 Bc5 4. d4 Bxd4 5. Nxd4 Nxd4 6. Be3 Nc6 7. Qg4 Qf6 8. Nc3 d5 9. Qg3 dxc4 10. Nd5 Qg6 11.
Nxc7+ Kd8 12. Qxg6 hxg6 13. Nxa8 Be6 14. b4 Kc8 15. b5 Nd4 16. Bxd4 exd4 17. b6 Kb8 18. Nc7 axb6 19. Nb5 d3 20. cxd3 cxd3 21. O-O-O Nf6 22. f3 Rc8+ 23. Kb2 Rc2+ 24. Kb1 Bxa2+ 25. Ka1 Be6 26.
Rxd3 Nd7 27. Nd4 Ra2+ 28. Kb1 Bc4 29. Rc3 Ra4 30. Nc2 b5 31. Rd1 Ne5 32. f4 Nc6 33.
Nd4 Nxd4 34. Rxd4 Ba2+ 35. Kb2 Rxd4 36. Kxa2 Rxe4 37. g4 Rxf4 38. h3 b4 39. Re3 Kc7 40. Kb3 Kc6 41. Re7 b6 42. Re8 g5 43. Re5 f6 44.
Re6+ Kc5 45. Re8 Rf3+ 46. Kb2 b5 47. Rc8+ Kd4 48. Rd8+ Ke3 49. Re8+ Kf2 50. Re7 Kg2 51. Rxg7 Kxh3 52. Rb7 Kxg4 53. Rxb5 f5 54. Rxb4+ f4 55. Kc2 Kg3 56. Kd2 g4 57. Ke2 Rf2+ 58. Ke1 Ra2 59. Kf1 Ra1+ 60. Ke2 f3+ 61. Ke3 Re1+ 62. Kd2 f2 63. Rb3+ Kg2 0-1

[Event "Late-Titled-Tuesday-Blitz-October-24-2023"]
[Site "Chess.com"]
[Date "2023.10.24"]
[Round "1"]
[White "Andrei_Skvortsov"]
[Black "wild3000"]
[Result "1-0"]
[WhiteElo "2668"]
[BlackElo "2369"]
[TimeControl "180+1"]
[EndTime "14:06:41 PDT"]
[Termination "Andrei_Skvortsov won on time"]

1. e4 e5 2. d4 exd4 3. Qxd4 Nc6 4. Qd3 d6 5. Nc3 Nf6 6. Nf3 Be7 7. Bf4 O-O 8.
O-O-O Bg4 9. h3 Bxf3 10. Qxf3 Ne5 11. Bxe5 dxe5 12. Rxd8 Raxd8 13. Bd3 a6 14. Rd1 Bb4 15. Nd5 Nxd5 16. exd5 g6 17. c3 Bd6 18. Qf6 Rfe8 19. Be4 Be7 20. Qf3 f5 21. Bc2 Bd6 22. g4 e4 23. Qe2 Rf8 24. gxf5 gxf5 25. Qh5 Kh8 26. f3 Rde8 27. fxe4 fxe4 28. Re1 Re5 29. Qh4 Be7 30.
Qg4 Bg5+ 31. Kb1 Kg7 32. a4 Rf4 33. Qc8 e3 34. Qxb7 Re7 35. Qxa6 Bh4 36. Re2 Rf2 37. Qd3 Rxe2 38. Qxe2 Bf2 39. a5 Kf6 40. Bd3 Ke5 41.
a6 c5 42. dxc6 Kd6 43. Qf3 Ra7 44. Qf6+ Kc7 45. Qd4 e2 46. Qxf2 Ra8 47. Bxe2 h5 48. Qf7+ Kd6 49. Qd7+ Kc5 50. b4+ 1-0

[Event "Late-Titled-Tuesday-Blitz-October-24-2023"]
[Site "Chess.com"]
[Date "2023.10.24"]
[Round "1"]
[White "larsmandreassen"]
[Black "HeroRubiksCube"]
[Result "0-1"]
[WhiteElo "2111"]
[BlackElo "2560"]
[TimeControl "180+1"]
[EndTime "14:06:41 PDT"]
[Termination "HeroRubiksCube won by resignation"]

1. d4 Nf6 2. Nf3 e6 3. Bg5 Be7 4. Nbd2 d5 5. e3 O-O 6. Bd3 h6 7. Bh4 b6 8. Qe2 Bb7 9. c3 Ne4 10. Bxe7 Qxe7 11. Ne5 Nd7 12. Nxd7 Qxd7 13. Nxe4 dxe4 14.
Bb5 Qe7 15. O-O Qg5 16. Ba4 Rad8 17. a3 Qg6 18. Bc2 f5 19. g3 Qf6 20. Bb3 Kh7 21. Rad1 e5 22. Qc4 Bd5 23. Qb4 a5 24. Qb5 c6 25. Qxb6 Rb8 26. Qxa5 Rxb3 27. dxe5 Qe6 28. Rd2 Rfb8 29. Rb1 R3b5 30. Qa7 Qxe5 31. c4 Bxc4 32.
Rd7 Rxb2 33. Rc1 Rb1 34. Rxg7+ Qxg7 0-1

[Event "Late-Titled-Tuesday-Blitz-October-24-2023"]
[Site "Chess.com"]
[Date "2023.10.24"]
[Round "1"]
[White "vladislavkovalev"]
[Black "czasnaszachy"]
[Result "1-0"]
[WhiteElo "2866"]
[BlackElo "2489"]
[TimeControl "180+1"]
[EndTime "14:06:45 PDT"]
[Termination "vladislavkovalev won by resignation"]

1. e4 c5 2. Nf3 d6 3. Bb5+ Nd7 4.
O-O a6 5. Bd3 Ngf6 6. c3 Ne5 7.
Be2 Nxf3+ 8. Bxf3 e5 9. d4 Be7 10. dxc5 dxc5 11. Qxd8+ Bxd8 12. Be3 Be7 13. c4 Be6 14. Rc1 Ng4 15. Bxg4 Bxg4 16. Nc3 Be6 17. Nd5 Bxd5 18. cxd5 Rc8 19. a4 a5 20. Rc3 b6 21.
Kf1 Kd7 22. Ke2 Bd6 23. Kd3 h5 24. Kc4 g6 25. Rb3 Kc7 26. Bg5 f5 27. h4 fxe4 28. Rg3 Rhf8 29. Be3 Rf6 30. Rg5 Rcf8 31. g4 hxg4 32.
Rxg4 Rh8 33. Rag1 Rh5 34. Rxg6 Rxg6 35. Rxg6 Rxh4 36. Rg7+ Kc8 37. Kb5 Rh8 38. Kc6 Bf8 39. Rf7 Bh6 40. d6 Bxe3 41. fxe3 Rd8 42. d7+ Kb8 43. Re7 c4 44. Re8 1-0

[Event "Late-Titled-Tuesday-Blitz-October-24-2023"]
[Site "Chess.com"]
[Date "2023.10.24"]
[Round "1"]
[White "zajka-molotok"]
[Black "Gyulamiryan-koryun"]
[Result "1-0"]
[WhiteElo "2542"]
[BlackElo "1949"]
[TimeControl "180+1"]
[EndTime "14:06:45 PDT"]
[Termination "zajka-molotok won on time"]

1. e4 e5 2. Nf3 Nc6 3. Nc3 Bc5 4. Nxe5 Bxf2+ 5. Kxf2 Nxe5 6. d4 Ng6 7. Be2 d6 8. Rf1 c6 9. Kg1 N8e7 10. Bg5 O-O 11.
Qd2 Qb6 12. Na4 Qc7 13. c4 Bd7 14. c5 b5 15. cxd6 Qxd6 16. Nc5 Rad8 17. Nb7 Qc7 18. Nxd8 Rxd8 19. Rad1 f6 20. Bf4 Nxf4 21. Qxf4 Qb6 22. Qf2 Ng6 23. Bh5 Be6 24. Bxg6 hxg6 25. b3 b4 26. Rd2 a5 27. h3 Qb5 28. Rc1 Bf7 29.
Rc5 Qb6 30. Rdc2 1-0

[Event "Late-Titled-Tuesday-Blitz-October-24-2023"]
[Site "Chess.com"]
[Date "2023.10.24"]
[Round "1"]
[White "Mikhail_Golubev"]
[Black "TheMagician"]
[Result "0-1"]
[WhiteElo "2549"]
[BlackElo "2176"]
[TimeControl "180+1"]
[EndTime "14:06:46 PDT"]
[Termination "TheMagician won on time"]

1. e4 c6 2. d4 d5 3. Nc3 dxe4 4. Nxe4 Nd7 5. Ng5 e6 6. Bd3 h6 7. Qh5 Qe7 8. Bg6 Ndf6 9. Bxf7+ Kd8 10. Qh4 hxg5 11.
Qxh8 Qxf7 12. Bxg5 Kc7 13. Nf3 Bd6 14. Ne5 Bxe5 15.
dxe5 Ne4 16. Be3 b6 17. O-O-O Bb7 18. Qh4 Nc5 19. Bxc5 bxc5 20. f3 Ne7 21. Qc4 Kb6 22. Qb3+ Kc7 23. Qa3 Nd5 0-1

[Event "Late-Titled-Tuesday-Blitz-October-24-2023"]
[Site "Chess.com"]
[Date "2023.10.24"]
[Round "1"]
[White "leschebaza"]
[Black "JuniorJumper"]
[Result "0-1"]
[WhiteElo "2312"]
[BlackElo "2625"]
[TimeControl "180+1"]
[EndTime "14:06:47 PDT"]
[Termination "JuniorJumper won by resignation"]

1. Nf3 d5 2. e3 Nf6 3. c4 e6 4. Nc3 c6 5. Qc2 Nbd7 6. a3 Bd6 7.
b4 O-O 8. Bb2 Qe7 9. Rc1 a5 10.
c5 Bc7 11. d4 e5 12. dxe5 Nxe5 13. Be2 Nfg4 14. h3 Nxf3+ 15. gxf3 Nxf2 16. Kxf2 axb4 17. axb4 Qh4+ 18. Kg2 Qg3+ 19. Kf1 Bxh3+ 20. Rxh3 Qxh3+ 21. Ke1 Qh4+ 22. Kd2 Qxb4 23. Rh1 f5 24. Kc1 Be5 25. Bd3 g6 26. e4 fxe4 27. fxe4 d4 28. Nd1 Ra5 29.
Qc4+ Qxc4+ 30. Bxc4+ Kg7 31. Kb1 Rxc5 32. Ba3 Rxc4 33.
Bxf8+ Kxf8 34. Rxh7 d3 35. Rxb7 d2 36. Nb2 Bxb2 37. Rb8+ Kg7 38. Rd8 Rc1+ 39. Kxb2 d1=Q 40. Rd7+ Qxd7 0-1

[Event "Late-Titled-Tuesday-Blitz-October-24-2023"]
[Site "Chess.com"]
[Date "2023.10.24"]
[Round "1"]
[White "luksona14"]
[Black "GMJustin"]
[Result "0-1"]
[WhiteElo "2580"]
[BlackElo "2262"]
[TimeControl "180+1"]
[EndTime "14:06:48 PDT"]
[Termination "GMJustin won by checkmate"]

1. d4 Nf6 2. c4 e6 3. Nf3 d5 4.
Nc3 Nbd7 5. cxd5 exd5 6. Bg5 Be7 7. e3 O-O 8. Bd3 Re8 9. Qc2 a6 10. O-O Nf8 11. Rad1 Bg4 12. Rc1 c6 13. Ne5 Be6 14.
f4 Ng4 15. Bxe7 Qxe7 16. Qe2 Qh4 17. h3 Nh6 18. f5 Bc8 19. Rf4 Qg3 20. f6 Ng6 21.
Rf3 Qg5 22. Nxg6 hxg6 23. fxg7 Kxg7 24. Rcf1 Bf5 25. e4 dxe4 26. Bxe4 Bxe4 27. Nxe4 Qd5 28. Re3 Nf5 29. Rxf5 gxf5 30. Nc3 Qxd4 31. Nd1 f4 32. Qg4+ Kf8 33. Kh2 Rxe3 34. Qh5 Re1 35. h4 Ke8 36.
Qh8+ Qxh8 37. Nf2 Qxh4+ 38. Nh3 Qg3# 0-1

[Event "Late-Titled-Tuesday-Blitz-October-24-2023"]
[Site "Chess.com"]
[Date "2023.10.24"]
[Round "1"]
[White "Nf3c5"]
[Black "R2D2PTY"]
[Result "1/2-1/2"]
[WhiteElo "2606"]
[BlackElo "2300"]
[TimeControl "180+1"]
[EndTime "14:06:50 PDT"]
[Termination "Game drawn by repetition"]

1. d4 Nf6 2. Nf3 e6 3. Bg5 d5 4.
Nbd2 Be7 5. e3 O-O 6. Bd3 h6 7. h4 b6 8. Ne5 Bb7 9. Qf3 Nbd7 10. Rh3 Nxe5 11. dxe5 Ne4 12. Bxh6 gxh6 13. O-O-O f5 14. exf6 Bxf6 15. Qg4+ Kh8 16. Nxe4 dxe4 17. Bxe4 Qc8 18.
Bxb7 Qxb7 19. Qxe6 Qxg2 20. Rg3 Qxf2 21. Rdg1 Rad8 22.
a3 Qd2+ 23. Kb1 Qd5 24. Rg8+ Rxg8 25. Qxf6+ Kh7 26. Qe7+ Kh8 27. Qf6+ Kh7 28. Qe7+ Kh8 29. Qf6+ 1/2-1/2